 Dungeon Sprint DCSS version 0.27-a0-1116-g91b3acb402 (webtiles) character file.

Game seed: 12845698526635797771

6601 mhtbhm the Scorcher (level 10, -18/50 HPs)
             Began as a Deep Elf Fire Elementalist on May 1, 2021.
             Was a High Priest of Vehumet.
             Shot with a bolt by a yaktaur (20 damage)
             ... in the Dungeon (Sprint V: "Ziggurat Sprint").
             The game lasted 00:04:31 (712 turns).

mhtbhm the Scorcher (Deep Elf Fire Elementalist)     Turns: 712, Time: 00:04:31

Health: -18/50     AC: 11    Str: 11    XL:     10   Next: 71%
Magic:  9/30       EV: 17    Int: 40    God:    Vehumet [*****.]
Gold:   0          SH:  0    Dex: 15    Spells: 22/38 levels left

rFire    + . .     SeeInvis .   C - +8 lance "Wyrmbane" {slay drac, rPois rF+ rC+ AC+3}
rCold    + + .     Faith    .   (no shield)
rNeg     + . .     Spirit   .   a - +0 robe
rPois    +         Reflect  .   s - +0 helmet "Ethraopt" {rElec rN+ Will- Regen+}
rElec    +         Harm     .   (no cloak)
rCorr    +         Rampage  .   r - +4 pair of gloves of Apathy {rC+ rCorr Str+6 Int+4}
Will     .....     NoTele   +   (no boots)
Stlth    ++++......             t - amulet of magic regeneration
HPRegen  1.16/turn              u - +6 ring of intelligence
MPRegen  0.22/turn              v - +6 ring of intelligence

@: frozen, very slow
A: no striking features
a: Renounce Religion


You were in the Dungeon.
You worshipped Vehumet.
Vehumet was extremely pleased with you.
You visited 1 branch

Inventory:

Hand Weapons
 C - the +8 lance "Wyrmbane" (weapon) {slay drac, rPois rF+ rC+ AC+3}
   (You found it in the Dungeon)

   It affects your AC (+3).
   It protects you from fire.
   It protects you from cold.
   It protects you from poison.
Armour
 a - a +0 robe (worn)
 r - the +4 pair of gloves of Apathy (worn) {rC+ rCorr Str+6 Int+4}
   (You found it in the Dungeon)

   It affects your strength (+6).
   It affects your intelligence (+4).
   It protects you from cold.
   It protects you from acid and corrosion.
 s - the +0 helmet "Ethraopt" (worn) {rElec rN+ Will- Regen+}
   (You found it in the Dungeon)

   It insulates you from electricity.
   It protects you from negative energy.
   It increases your rate of health regeneration.
   It decreases your willpower.
Jewellery
 h - the ring "Usuuq" {*Corrode rElec rC+++ MP+9}
   (You found it in the Dungeon)

   [ring of magical power]

   It renders you almost immune to cold.
   It insulates you from electricity.
   It affects your magic capacity (+9).
   It may corrode you when you take damage.
 t - an amulet of magic regeneration (around neck)
 u - a +6 ring of intelligence (left hand)
 v - a +6 ring of intelligence (right hand)
 w - the ring "Ruunujee" {rElec rC+ rN+++ Str-5 Dex+6}
   (You took it off an orc priest in the Dungeon)

   [ring of dexterity]

   It affects your strength (-5).
   It affects your dexterity (+6).
   It protects you from cold.
   It insulates you from electricity.
   It renders you almost immune to negative energy.
Wands
 y - a wand of mindburst (4)
 z - a wand of iceblast (1)
Scrolls
 m - 4 scrolls of amnesia
 n - 7 scrolls of fog
 o - a scroll of holy word
 p - 5 scrolls of identify
 q - a scroll of fear
Potions
 b - 2 potions of brilliance
 c - 10 potions of curing
 d - 7 potions of heal wounds
 e - 14 potions of haste
 f - 7 potions of magic
 g - 3 potions of berserk rage
 i - 2 potions of invisibility
 j - 4 potions of resistance
 k - a potion of experience
 l - 5 potions of might
Miscellaneous
 B - a lightning rod (4/4)


   Skills:
 + Level 10.5 Dodging
 + Level 10.1 Stealth
 + Level 14.7 Spellcasting
 + Level 6.0 Conjurations
 + Level 17.9 Fire Magic
 + Level 10.1 Evocations


You had 22 spell levels left.
You knew the following spells:

 Your Spells              Type           Power      Damage    Failure   Level
a - Foxfire               Conj/Fire      100%       2x1d9     0%          1
b - Conjure Flame         Conj/Fire      90%        6-21      0%          3
c - Inner Flame           Hex/Fire       79%        N/A       1%          3
d - Sticky Flame          Conj/Fire      90%        2d10      1%          4
e - Fireball              Conj/Fire      45%        3d18      1%          5

Your spell library contained the following spells:

 Spells                   Type           Power      Damage    Failure   Level
 Ignite Poison            Fire/Tmut/Pois 67%        N/A       1%          3


Dungeon Overview and Level Annotations

Branches:
Dungeon (1/1)

Altars:
Ashenzari
Cheibriados
Dithmenos
Elyvilon
Fedhas
Gozag
Hepliaklqana
Kikubaaqudgha
Makhleb
Nemelex Xobeh
Okawaru
Qazlal
Ru
Sif Muna
Trog
Uskayaw
Vehumet
Wu Jian
Xom
Yredelemnul
Zin
The Shining One
Beogh
Jiyva
Lugonu


Message History

The yaktaur is moderately wounded.
The great orb of eyes gazes at you.
You feel your power leaking away.
The yaktaur shoots a bolt.
The bolt closely misses you.
Unknown command.
Unknown command.
Unknown command.
Casting: Fireball (safe; 1% risk of failure)
Confirm with . or Enter, or press ? or * to list all spells.
Aiming: Fireball (safe; 1% risk of failure)
Press: ? - help, Shift-Dir - straight line, f - vault warden
Aim: a vault warden, wielding the +5 morningstar of Bloody Death {vorpal, rN+ Dex+3} and wearing a +0 chain mail (moderately wounded)
The fireball explodes!
The fireball engulfs the great orb of eyes!!
You kill the great orb of eyes!
Vehumet accepts your kill.
You feel your power returning.
The fireball engulfs the vault warden!!
The vault warden is severely wounded.
The yaktaur shoots a bolt.
The bolt closely misses you.
Your Conjurations skill increases to level 6!
Your Evocations skill increases to level 10!
Unknown command.
Unknown command.
Unknown command.
Casting: Fireball (safe; 1% risk of failure)
Confirm with . or Enter, or press ? or * to list all spells.
Aiming: Fireball (safe; 1% risk of failure)
Press: ? - help, Shift-Dir - straight line, f/p - vault warden
Aim: a vault warden, wielding the +5 morningstar of Bloody Death {vorpal, rN+ Dex+3} and wearing a +0 chain mail (severely wounded)
The fireball explodes!
The fireball engulfs the vault warden!!
The vault warden is almost dead.
The fireball engulfs the ironbound frostheart!!
The ironbound frostheart is heavily wounded.
The ironbound frostheart calls freezing cold from the walls.
The frost grips you!! You partially resist.
Ouch! That really hurt!
* * * LOW HITPOINT WARNING * * *
You are encased in ice.
The yaktaur shoots a bolt.
The bolt hits you!!
You die...

▓...))..▓
▓..c[}..▓
▓..).)..▓
▓....p..▓
▓...p...▓
.......
▓.▓...▓.▓
▓...@...▓
▓▓▓▓▓▓▓▓▓


You could see a vault warden, an ironbound frostheart and a yaktaur.

Vanquished Creatures
  A bone dragon (D)
  A great orb of eyes (D)
  A wizard (D)
  4 draconians (D)
  A vault sentinel (D)
  A slime creature (D)
  2 tarantellas (D)
  A hell hound (D)
  A small abomination (D)
  An orc warrior (D)
  A scorpion (D)
  A crimson imp (D)
  2 quasits (D)
  3 orc priests (D)
  An iron imp (D)
  An adder skeleton (D)
  2 orcs (D)
  An endoplasm (D)
  A quokka skeleton (D)
27 creatures vanquished.

Notes
Turn   | Place    | Note
-------+----------+-------------------------------------------
     0 | D        | mhtbhm the Deep Elf Fire Elementalist began the quest for
                  | the Orb.
     0 | D        | Reached XP level 1. HP: 10/10 MP: 6/6
     0 | D        | Found a shimmering blue altar of Sif Muna.
     0 | D        | Found a bloodstained altar of Trog.
     0 | D        | Found a sacrificial altar of Ru.
     0 | D        | Found a stormy altar of Qazlal.
     0 | D        | Found an iron altar of Okawaru.
     1 | D        | Found a sparkling altar of Nemelex Xobeh.
     1 | D        | Found a blossoming altar of Fedhas.
     2 | D        | Found the +6 Majin-Bo {vamp, MP+6 Int+6}
     2 | D        | Found the +9 heavy crossbow "Sniper" {vorpal, Acc+∞ SInv}
     2 | D        | Found the +10 dark maul {vorpal}
     2 | D        | Found the +15 Maxwell's patent armour {-Cast -Tele rElec
                  | Will+ rCorr}
     2 | D        | Found the +18 shield of the Gong {rElec rN+ Will+ EV-5}
     2 | D        | Found the +14 obsidian axe {vorpal, Drain Fly SInv}
     2 | D        | Found the +7 great mace "Firestarter" {inner flame, rF++}
     2 | D        | Found the +6 shillelagh "Devastator" {shatter}
     2 | D        | Found the +11 plutonium sword {Contam Stlth-}
     2 | D        | Found the +8 lance "Wyrmbane" {slay drac, rPois rF+ rC+
                  | AC+3}
     2 | D        | Found the +9 sword of Zonguldrok {reap}
     2 | D        | Found the +13 scythe of Curses {drain, Drain}
     2 | D        | Found the +5 sword of Power {vorpal}
     2 | D        | Found the +7 mace of Variability {chain chaos}
     2 | D        | Found the +7 Singing Sword {vorpal, sonic wave}
     2 | D        | Found the +8 storm bow {elec, penet}
     3 | D        | Found a transporter.
     3 | D        | Found an ancient bone altar of Kikubaaqudgha.
     3 | D        | Found a viscous altar of Jiyva.
     3 | D        | Found a corrupted altar of Lugonu.
     3 | D        | Found a hazy altar of Hepliaklqana.
     3 | D        | Found a burning altar of Makhleb.
     3 | D        | Found an opulent altar of Gozag.
    42 | D        | Became a worshipper of Vehumet
    55 | D        | Entered arena 2.
    55 | D        | Noticed a slime creature
    55 | D        | Found a transporter.
    61 | D        | Killed a slime creature
    62 | D        | Reached skill level 5 in Dodging
    62 | D        | Reached skill level 9 in Fire Magic
    62 | D        | Reached XP level 2. HP: 15/15 MP: 7/12
    62 | D        | Reached XP level 3. HP: 19/19 MP: 7/13
    62 | D        | Reached XP level 4. HP: 24/24 MP: 8/15
    62 | D        | Reached XP level 5. HP: 28/28 MP: 8/16
    66 | D        | Learned a level 3 spell: Conjure Flame
    70 | D        | Learned a level 3 spell: Inner Flame
    75 | D        | Learned a level 4 spell: Sticky Flame
    81 | D        | Learned a level 5 spell: Fireball
    92 | D        | Got the +4 pair of gloves of Apathy {rC+ rCorr Str+6 Int+4}
   117 | D        | Entered arena 3.
   117 | D        | Noticed a tarantella
   117 | D        | Noticed a tarantella
   117 | D        | Found a transporter.
   119 | D        | Killed a tarantella
   119 | D        | Reached * piety under Vehumet
   119 | D        | Offered knowledge of Magic Dart by Vehumet.
   120 | D        | Reached skill level 5 in Stealth
   120 | D        | Reached skill level 11 in Fire Magic
   120 | D        | Reached XP level 6. HP: 32/32 MP: 6/19
   120 | D        | Killed a tarantella
   121 | D        | Reached skill level 12 in Fire Magic
   122 | D        | Reached XP level 7. HP: 36/36 MP: 2/21
   232 | D        | Entered arena 4.
   232 | D        | Noticed a draconian
   232 | D        | Noticed a draconian
   232 | D        | Noticed a draconian
   232 | D        | Noticed a draconian
   232 | D        | Found a transporter.
   233 | D        | Identified the +11 lajatang of the Snake Pit {freeze, rPois
                  | rN+ rCorr Dex+2}
   239 | D        | Killed a draconian
   239 | D        | Reached ** piety under Vehumet
   240 | D        | Reached skill level 10 in Spellcasting
   240 | D        | Reached skill level 13 in Fire Magic
   241 | D        | Killed a draconian
   242 | D        | Reached skill level 14 in Fire Magic
   242 | D        | Reached XP level 8. HP: 41/41 MP: 6/25
   243 | D        | Killed a draconian
   244 | D        | Killed a draconian
   245 | D        | Reached skill level 15 in Fire Magic
   245 | D        | Reached skill level 5 in Evocations
   249 | D        | Got the +0 helmet "Ethraopt" {rElec rN+ Will- Regen+}
   436 | D        | Entered arena 5.
   436 | D        | Noticed a bone dragon
   436 | D        | Found a transporter.
   437 | D        | Offered knowledge of Freeze by Vehumet.
   437 | D        | Reached *** piety under Vehumet
   438 | D        | Reached XP level 9. HP: 45/45 MP: 21/27
   447 | D        | HP: 2/45 [bone dragon (6)]
   455 | D        | HP: 2/45 [bone dragon (2)]
   461 | D        | Killed a bone dragon
   461 | D        | Reached **** piety under Vehumet
   462 | D        | Reached skill level 17 in Fire Magic
   462 | D        | Reached XP level 10. HP: 23/50 MP: 8/29
   470 | D        | Got the ring "Usuuq" {*Corrode rElec rC+++ MP+9}
   563 | D        | Entered arena 6.
   563 | D        | Found a transporter.
   566 | D        | Reached ***** piety under Vehumet
   567 | D        | Reached skill level 5 in Conjurations
   681 | D        | Entered arena 7.
   682 | D        | Identified the ring "Ruunujee" {rElec rC+ rN+++ Str-5
                  | Dex+6}
   682 | D        | Offered knowledge of Ignite Poison by Vehumet.
   684 | D        | Reached skill level 10 in Dodging
   684 | D        | Found a transporter.
   707 | D        | Entered arena 8.
   707 | D        | Noticed a vault warden
   707 | D        | Noticed a vault sentinel
   707 | D        | Noticed a wizard
   707 | D        | Noticed a great orb of eyes
   707 | D        | Noticed an ironbound frostheart
   708 | D        | Identified the +5 morningstar of Bloody Death {vorpal, rN+
                  | Dex+3}
   709 | D        | Killed a wizard
   709 | D        | Killed a vault sentinel
   710 | D        | Reached skill level 10 in Stealth
   711 | D        | Killed a great orb of eyes
   712 | D        | Reached skill level 10 in Evocations
   712 | D        | HP: 2/50 [ironbound frostheart/frost (31)]
   712 | D        | Shot with a bolt by a yaktaur

Illustrated notes

Levels and vault maps discovered:
D:        sprint_v [room_start, room_1, room_2, room_3, room_4, room_5, room_6,
          room_7, room_8, room_9, room_10, room_11, room_12, room_13, room_14,
          room_15, room_16, room_17, room_18, room_19, room_20, room_21,
          room_22, room_23, room_24, room_25, room_26, room_27]

Skill      XL: |  1  2  3  4  5  6  7  8  9 10 |
---------------+-------------------------------+-----
Dodging        | 5 6 7 8 9 10 | 10.5
Stealth        | 4 5 6 7 8 9 10 | 10.1
Spellcasting   | 7 8 9 11 12 13 14 | 14.7
Fire Magic     | 9 11 12 14 15 17 | 17.9
Evocations     | 2 3 4 5 8 10 | 10.1
Conjurations   | 2 3 4 6 |  6.0

Action                   |  1- 3 |  4- 6 |  7- 9 | 10-12 || total
-------------------------+-------+-------+-------+-------++-------
 Cast: Fireball          |       |     3 |    10 |     8 ||    21
Evoke: Wand              |     3 |       |    12 |     1 ||    16
       Lightning rod     |     2 |     1 |     6 |     1 ||    10
  Use: Scroll            |     1 |       |     4 |       ||     5
       Potion            |       |       |     3 |       ||     3
Armor: Robe              |       |       |     3 |       ||     3
Dodge: Dodged            |     1 |       |     9 |     2 ||    12

Table legend: (Time is in decaauts)
 A = Elapsed time spent in this place.
 B = Non-inter-level travel time spent in this place.
 C = Inter-level travel time spent in this place.
 D = Time resting spent in this place.
 E = Time spent auto-exploring this place.
 F = Levels seen in this place.
 G = Mean time per level.
                   A        B        C        D        E       F      G
               +--------+--------+--------+--------+--------+-----+--------+
         Total |    710 |    710 |      0 |    466 |      0 |   1 |  710.0 |
       Dungeon |    710 |    710 |      0 |    466 |      0 |   1 |  710.0 |
               +--------+--------+--------+--------+--------+-----+--------+

Top non-repeatable levels by time:
       D: 710 daAuts
